 Dungeon Crawl Stone Soup version 0.17-a0-121-gf94917f (webtiles) character file.

141 Ngotmuk the Covered (level 5, -6/49 HPs)
             Began as a Deep Dwarf Fighter on Mar 22, 2015.
             Killed by nerve-wracking pain
             ... invoked by an orc priest
              (10 damage)
             ... on level 3 of the Dungeon.
             The game lasted 00:07:30 (1667 turns).

Ngotmuk the Covered (Deep Dwarf Fighter)            Turns: 1667, Time: 00:07:31

Health: -6/49      AC:  8    Str: 21    XL:     5   Next: 3%
Magic:  5/5        EV:  8    Int:  8    God:
Gold:   39         SH:  9    Dex: 12    Spells: 0 memorised, 4 levels left

rFire  . . .     SeeInvis .     k - +0 mace
rCold  . . .     Clarity  .     b - +0 scale mail
rNeg   . . .     SustAb   .     c - +0 shield
rPois  .         Gourm    .     m - +0 helmet (curse)
rElec  .         Spirit   .     (no cloak)
rCorr  .         Warding  .     (no gloves)
rMut   .         Stasis   .     (no boots)
MR     .....                    (no amulet)
Stlth  ..........               (no ring)
                                (no ring)

@: non-regenerating, not resistant to hostile enchantments, extremely unstealthy
A: damage resistance, recharge devices, sense surroundings 1, slow healing 3
a: Device Recharging


You were on level 3 of the Dungeon.
You were hungry.

You visited 1 branch of the dungeon, and saw 3 of its levels.

You collected 39 gold pieces.

Inventory:

Hand weapons
 k - a +0 mace (weapon)
Armour
 b - a +0 scale mail (worn)
 c - a +0 shield (worn)
 m - a cursed +0 helmet (worn)
Jewellery
 n - an uncursed amulet of resist mutation
Magical devices
 d - a wand of heal wounds (4)
Scrolls
 a - a scroll of enchant armour {unknown}
 g - a scroll of recharging {unknown}
 h - 2 scrolls of remove curse
 j - 2 scrolls of fog
 r - 3 scrolls of identify
 s - a scroll of amnesia {unknown}
 u - a scroll of fear
 v - a scroll of blinking {unknown}
Potions
 e - a potion of might
 l - 3 potions of heal wounds {unknown}
 o - a potion of curing {unknown}
 p - a potion of lignification {unknown}
 q - a potion of haste
 w - a potion of magic {unknown}
 x - a potion of resistance {unknown}
Books
 t - a book of Geomancy

   Spells                             Type                      Level
   a - Sandblast                      Earth                        1
   b - Stoneskin                      Transmutation/Earth          2
   c - Passwall                       Transmutation/Earth          3
   d - Stone Arrow                    Conjuration/Earth            3
   e - Petrify                        Transmutation/Earth          4
   f - Lee's Rapid Deconstruction     Earth                        5
Comestibles
 f - 2 bread rations
 i - 3 meat rations


   Skills:
 + Level 3.4 Fighting
 + Level 2.6 Maces & Flails
 + Level 4.1 Armour
 + Level 2.0 Dodging
 + Level 4.1 Shields


You had 4 spell levels left.
You didn't know any spells.

Dungeon Overview and Level Annotations

Branches:
Dungeon (3/15)

Altars:
Xom


Innate Abilities, Weirdness & Mutations

You are resistant to damage.
You can recharge devices by infusing magical energy.
You passively map a small area around you.
You do not heal naturally.


Message History

Items here: )) [ †† a club; a dagger; a robe; an orc corpse; an orc corpse You block the orc priest's attack.
The orc priest hits you from afar with a trident.
You closely miss the ball python.
The ball python bites you but does no damage.
The ball python grabs you. The ball python constricts you.
The orc priest hits you but does no damage.
You hit the ball python but do no damage.
The ball python barely misses you. The ball python constricts you.
The orc priest hits you from afar with a trident!
* * * LOW HITPOINT WARNING * * *
The ball python bites you but does no damage.
The ball python constricts you.
You hit the ball python!
You kill the ball python!
You block the orc priest's attack.
The orc priest mumbles some strange prayers to Beogh against you.
Pain shoots through your body!
You die...

######## #......# #.....
###.o###,*** * #######
#.@..).#
......#########..#.###
...................#.. *
......####.........#.#.##*
,
##...#####.............S..
###..##.........<.#.#.##
#.....#.........#..., *
####......†........###.#
#......####..........#.#


You could see an orc priest.

Vanquished Creatures
  An orc wizard (D:3)
  Robin (D:2)
  An adder (D:2)
  3 worms (D:2)
  A giant gecko (D:1)
  2 oozes (D:3)
  6 orcs (D:3)
  A ball python (D:3)
  5 bats
  5 giant cockroaches
  12 goblins
  10 hobgoblins
  7 kobolds
  A quokka (D:3)
  A giant newt (D:1)
  2 jackals (D:2)
  7 rats
66 creatures vanquished.

Notes
Turn   | Place    | Note
--------------------------------------------------------------
     0 | D:1      | Ngotmuk, the Deep Dwarf Fighter, began the quest for the Orb.
     0 | D:1      | Reached XP level 1. HP: 20/20 MP: 1/1
   477 | D:1      | Reached XP level 2. HP: 24/27 MP: 2/2
   815 | D:2      | Reached XP level 3. HP: 24/34 MP: 3/3
   927 | D:2      | Reached skill level 1 in Dodging
   976 | D:2      | Found a shimmering altar of Xom.
   976 | D:2      | Found a shimmering altar of Xom.
   977 | D:2      | Found a shimmering altar of Xom.
   977 | D:2      | Found a shimmering altar of Xom.
   977 | D:2      | Found a shimmering altar of Xom.
   977 | D:2      | Found a shimmering altar of Xom.
  1087 | D:2      | Reached skill level 4 in Armour
  1089 | D:2      | Noticed Robin
  1098 | D:2      | Killed Robin
  1098 | D:2      | Reached XP level 4. HP: 17/42 MP: 4/4
  1658 | D:3      | Reached XP level 5. HP: 10/49 MP: 5/5
  1667 | D:3      | Killed from afar by an orc priest

Action                   |  1- 3 |  4- 6 || total
-------------------------+-------+-------++-------
Melee: Flail             |   137 |     9 ||   146
       Mace              |       |    61 ||    61
Evoke: Wand              |       |     1 ||     1
  Use: Scroll            |     4 |       ||     4
  Eat: Royal jelly       |       |     1 ||     1
